SL
THUNDER BAY NORTHERN LIONS BC @ D.C. DIVIDED
06/09/2037
 
TOP OF THE 1ST
Thunder Bay Northern Lions BC batting - Pitching for D.C. Divided : LHP António Castillo
Pitching: LHP António Castillo
Batting: LHB Barry Flauker 0-0: Called Strike
0-1: Called Strike
0-2: Strikes out swinging
Batting: RHB Domingo Altamiraño 0-0: Fly out, F9 (Line Drive, 89M, EV 111.2 MPH)
Batting: RHB Joe Aller 0-0: Called Strike
0-1: Ball
1-1: Fly out, F8 (Flyball, 8RXD, EV 103.1 MPH)
Top of the 1st over - 0 runs, 0 hits, 0 errors, 0 left on base; Thunder Bay 0 - D.C. 0
BOTTOM OF THE 1ST
D.C. Divided batting - Pitching for Thunder Bay Northern Lions BC : LHP Rusty Swanson
Pitching: LHP Rusty Swanson
Batting: RHB Kimi Okubo 0-0: Ball
1-0: Ball
2-0: Called Strike
2-1: Swinging Strike
2-2: Ball
3-2: Strikes out swinging
Batting: RHB Tamasaburo Kato 0-0: Ball
1-0: Ball
2-0: Ball
3-0: Base on Balls
Batting: RHB Chip Mullaney 0-0: Fielders Choice at 2nd, 6-4 (Groundball, 6, EV 86.2 MPH)
Batting: RHB Jay Hood 0-0: Ball
Chip Mullaney steals 2nd base
1-0: Ball
2-0: SINGLE (Line Drive, 56D, EV 96.2 MPH)
Chip Mullaney to third
Batting: RHB Dan Vanblarcom 0-0: SINGLE (Flyball, 8LS, EV 93.8 MPH)
Chip Mullaney scores
Jay Hood to second
Batting: LHB Yao-pang Chiang 0-0: Swinging Strike
0-1: Called Strike
0-2: Foul Ball, location: 2F
0-2: Fielders Choice at 2nd, 5-4 (Groundball, 56, EV 100.0 MPH)
Bottom of the 1st over - 1 run, 2 hits, 0 errors, 2 left on base; Thunder Bay 0 - D.C. 1
TOP OF THE 2ND
Thunder Bay Northern Lions BC batting - Pitching for D.C. Divided : LHP António Castillo
Batting: RHB Jason Slaybaugh 0-0: Ball
1-0: Called Strike
1-1: Foul Ball, location: 2F
1-2: DOUBLE (Line Drive, 9LS, EV 103.1 MPH)
Batting: RHB Miracle Crimes 0-0: Foul Ball, location: 2F
0-1: Ball
1-1: Called Strike
1-2: Ball
2-2: Strikes out swinging
Batting: RHB Rafael Pueblo 0-0: Ball
1-0: Ground out 4-3 (Groundball, 4, EV 83.8 MPH)
Jason Slaybaugh to third
Batting: RHB Kasper Schuilenberg 0-0: Ball
1-0: Foul Ball, location: 2F
1-1: Ball
2-1: Fly out, F9 (Flyball, 9S, EV 80.0 MPH)
Top of the 2nd over - 0 runs, 1 hit, 0 errors, 1 left on base; Thunder Bay 0 - D.C. 1
BOTTOM OF THE 2ND
D.C. Divided batting - Pitching for Thunder Bay Northern Lions BC : LHP Rusty Swanson
Batting: RHB Sinclair Bothof 0-0: Ball
1-0: Called Strike
1-1: Ball
2-1: Fly out, F8 (Flyball, 8RS, EV 93.1 MPH)
Batting: RHB Júlio Rodríguez 0-0: Foul Ball, location: 2F
0-1: Ball
1-1: Ball
2-1: Swinging Strike
2-2: Ball
3-2: Foul Ball, location: 2F
3-2: Strikes out swinging
Batting: RHB Gustavo González 0-0: Ground out 4-3 (Groundball, 4, EV 106.9 MPH)
Bottom of the 2nd over - 0 runs, 0 hits, 0 errors, 0 left on base; Thunder Bay 0 - D.C. 1
TOP OF THE 3RD
Thunder Bay Northern Lions BC batting - Pitching for D.C. Divided : LHP António Castillo
Batting: LHB Yi-da Yee 0-0: Ball
1-0: Ground out 5-3 (Groundball, 56, EV 91.2 MPH)
Batting: SHB Robert La Caze 0-0: Called Strike
0-1: Foul Ball, location: 2F
0-2: Ground out 5-3 (Groundball, 5, EV 76.9 MPH)
Batting: LHB Barry Flauker 0-0: Called Strike
0-1: Ball
1-1: Ground out 4-3 (Groundball, 4, EV 100.0 MPH)
Top of the 3rd over - 0 runs, 0 hits, 0 errors, 0 left on base; Thunder Bay 0 - D.C. 1
BOTTOM OF THE 3RD
D.C. Divided batting - Pitching for Thunder Bay Northern Lions BC : LHP Rusty Swanson
Batting: RHB Kimi Okubo 0-0: Foul Ball, location: 2F
0-1: Ball
1-1: SINGLE (Line Drive, 6MD, EV 100.0 MPH)
Batting: RHB Tamasaburo Kato 0-0: SINGLE (Line Drive, 6MD, EV 101.9 MPH)
Kimi Okubo to second
Batting: RHB Chip Mullaney 0-0: Ball
1-0: Fly out, F4 (Popup, 4D, EV 51.2 MPH)
Batting: RHB Jay Hood 0-0: Called Strike
0-1: Fielders Choice at 2nd, 6-4 (Groundball, 6, EV 76.9 MPH)
Kimi Okubo to third
Batting: RHB Dan Vanblarcom 0-0: Foul Ball, location: 2F
0-1: Ball
1-1: Fly out, F1 (Line Drive, P, EV 73.8 MPH)
Bottom of the 3rd over - 0 runs, 2 hits, 0 errors, 2 left on base; Thunder Bay 0 - D.C. 1
TOP OF THE 4TH
Thunder Bay Northern Lions BC batting - Pitching for D.C. Divided : LHP António Castillo
Batting: RHB Domingo Altamiraño 0-0: Called Strike
0-1: Ball
1-1: SINGLE (Groundball, 6MD, EV 95.0 MPH)
Batting: RHB Joe Aller 0-0: Grounds into double play, 4-6-3 (Groundball, 4, EV 86.9 MPH)
Batting: RHB Jason Slaybaugh 0-0: Ball
1-0: Called Strike
1-1: Ball
2-1: Swinging Strike
2-2: Fly out, F8 (Flyball, 89XD, EV 100.6 MPH)
Top of the 4th over - 0 runs, 1 hit, 0 errors, 0 left on base; Thunder Bay 0 - D.C. 1
BOTTOM OF THE 4TH
D.C. Divided batting - Pitching for Thunder Bay Northern Lions BC : LHP Rusty Swanson
Batting: LHB Yao-pang Chiang 0-0: Foul Ball, location: 2F
0-1: Foul Ball, location: 2F
0-2: Foul Ball, location: 2F
0-2: Strikes out swinging
Batting: RHB Sinclair Bothof 0-0: Called Strike
0-1: Foul Ball, location: 2F
0-2: Foul Ball, location: 2F
0-2: Ball
1-2: Foul Ball, location: 2F
1-2: Ball
2-2: Ball
3-2: Base on Balls
Batting: RHB Júlio Rodríguez 0-0: Called Strike
Sinclair Bothof is caught stealing 2nd base 2-4
0-1: Swinging Strike
0-2: Ball
1-2: Strikes out swinging
Bottom of the 4th over - 0 runs, 0 hits, 0 errors, 0 left on base; Thunder Bay 0 - D.C. 1
TOP OF THE 5TH
Thunder Bay Northern Lions BC batting - Pitching for D.C. Divided : LHP António Castillo
Batting: RHB Miracle Crimes 0-0: Foul Ball, location: 2F
0-1: Foul Ball, location: 2F
0-2: Ball
1-2: Ball
2-2: Ball
3-2: Foul Ball, location: 2F
3-2: Foul Ball, location: 2F
3-2: Fly out, F9 (Line Drive, 9, EV 89.4 MPH)
Batting: RHB Rafael Pueblo 0-0: Ball
1-0: SINGLE (Groundball, 6D, EV 95.6 MPH)
Batting: RHB Kasper Schuilenberg 0-0: Ball
Rafael Pueblo steals 2nd base
1-0: Ground out 6-3 (Groundball, 6M, EV 103.1 MPH)
Rafael Pueblo to third
Batting: LHB Yi-da Yee 0-0: Ball
1-0: Foul Ball, location: 2F
1-1: Ball
2-1: Ground out 6-3 (Groundball, 6, EV 108.1 MPH)
Top of the 5th over - 0 runs, 1 hit, 0 errors, 1 left on base; Thunder Bay 0 - D.C. 1
BOTTOM OF THE 5TH
D.C. Divided batting - Pitching for Thunder Bay Northern Lions BC : LHP Rusty Swanson
Batting: RHB Gustavo González 0-0: Ball
1-0: Swinging Strike
1-1: Called Strike
1-2: Ball
2-2: Strikes out swinging
Batting: RHB Kimi Okubo 0-0: Ball
1-0: Ground out 6-3 (Groundball, 6, EV 82.5 MPH)
Batting: RHB Tamasaburo Kato 0-0: Called Strike
0-1: Ball
1-1: Called Strike
1-2: Foul Ball, location: 2F
1-2: Ball
2-2: Foul Ball, location: 2F
2-2: Ball
3-2: Fly out, F7 (Flyball, 7, EV 80.6 MPH)
Bottom of the 5th over - 0 runs, 0 hits, 0 errors, 0 left on base; Thunder Bay 0 - D.C. 1
TOP OF THE 6TH
Thunder Bay Northern Lions BC batting - Pitching for D.C. Divided : LHP António Castillo
Batting: SHB Robert La Caze 0-0: Ball
1-0: Ball
2-0: Called Strike
2-1: Foul Ball, location: 2F
2-2: Foul Ball, location: 2F
2-2: Strikes out swinging
Batting: LHB Barry Flauker 0-0: Ball
1-0: Foul Ball, location: 2F
1-1: Fly out, F7 (Flyball, 78M, EV 93.8 MPH)
Batting: RHB Domingo Altamiraño 0-0: Ball
1-0: Ball
2-0: Foul Ball, location: 2F
2-1: Fly out, F8 (Line Drive, 8LM, EV 87.5 MPH)
Top of the 6th over - 0 runs, 0 hits, 0 errors, 0 left on base; Thunder Bay 0 - D.C. 1
BOTTOM OF THE 6TH
D.C. Divided batting - Pitching for Thunder Bay Northern Lions BC : LHP Rusty Swanson
Batting: RHB Chip Mullaney 0-0: Called Strike
0-1: Swinging Strike
0-2: Ball
1-2: Ground out 6-3 (Groundball, 6, EV 108.1 MPH)
Batting: RHB Jay Hood 0-0: Fly out, F7 (Flyball, 7, EV 88.1 MPH)
Batting: RHB Dan Vanblarcom 0-0: Foul Ball, location: 2F
0-1: Ground out 6-3 (Groundball, 6, EV 106.9 MPH)
Bottom of the 6th over - 0 runs, 0 hits, 0 errors, 0 left on base; Thunder Bay 0 - D.C. 1
TOP OF THE 7TH
Thunder Bay Northern Lions BC batting - Pitching for D.C. Divided : LHP António Castillo
Batting: RHB Joe Aller 0-0: Ball
1-0: Swinging Strike
1-1: Ball
2-1: Foul Ball, location: 2F
2-2: Fly out, F9 (Flyball, 9LSF, EV 90.6 MPH)
Batting: RHB Jason Slaybaugh 0-0: Ball
1-0: Ground out 1-3 (Groundball, 15S, EV 70.0 MPH)
Batting: RHB Miracle Crimes 0-0: Foul Ball, location: 2F
0-1: Ball
1-1: Ball
2-1: Ball
3-1: Ground out U3 (Groundball, 34, EV 93.1 MPH)
Top of the 7th over - 0 runs, 0 hits, 0 errors, 0 left on base; Thunder Bay 0 - D.C. 1
BOTTOM OF THE 7TH
D.C. Divided batting - Pitching for Thunder Bay Northern Lions BC : LHP Rusty Swanson
Batting: LHB Yao-pang Chiang 0-0: Fly out, F7 (Flyball, 7LM, EV 99.4 MPH)
Batting: RHB Sinclair Bothof 0-0: Called Strike
0-1: Ball
1-1: Swinging Strike
1-2: Ground out 5-3 (Groundball, 5L, EV 96.9 MPH)
Batting: RHB Júlio Rodríguez 0-0: Ball
1-0: Ground out 6-3 (Groundball, 6MD, EV 102.5 MPH)
Bottom of the 7th over - 0 runs, 0 hits, 0 errors, 0 left on base; Thunder Bay 0 - D.C. 1
TOP OF THE 8TH
Thunder Bay Northern Lions BC batting - Pitching for D.C. Divided : LHP António Castillo
Batting: RHB Rafael Pueblo 0-0: Ball
1-0: Ball
2-0: Swinging Strike
2-1: Ball
3-1: Ground out 6-3 (Groundball, 56, EV 90.6 MPH)
Batting: RHB Kasper Schuilenberg 0-0: Ground out U3 (Groundball, 3, EV 79.4 MPH)
Batting: LHB Yi-da Yee 0-0: Called Strike
0-1: Ground out 4-3 (Groundball, 4M, EV 103.8 MPH)
Top of the 8th over - 0 runs, 0 hits, 0 errors, 0 left on base; Thunder Bay 0 - D.C. 1
BOTTOM OF THE 8TH
D.C. Divided batting - Pitching for Thunder Bay Northern Lions BC : LHP Rusty Swanson
Batting: RHB Gustavo González 0-0: Swinging Strike
0-1: Foul Ball, location: 2F
0-2: Foul Ball, location: 2F
0-2: Foul Ball, location: 2F
0-2: Foul Ball, location: 2F
0-2: Ground out 6-3 (Groundball, 6, EV 101.9 MPH)
Batting: RHB Kimi Okubo 0-0: Ball
1-0: Called Strike
1-1: Ball
2-1: Ball
3-1: Foul Ball, location: 2F
3-2: Base on Balls
Pitching: LHP António Muñóz
Batting: RHB Tamasaburo Kato 0-0: Ball
1-0: SINGLE (Groundball, 4D, EV 107.5 MPH)
Kimi Okubo to second
Runner from 2nd tries for 3rd, SAFE, throw by CF made to third
Batting: RHB Chip Mullaney 0-0: Ball
1-0: Fly out, F7 (Flyball, 7S, EV 83.1 MPH)
Batting: RHB Jay Hood 0-0: Called Strike
0-1: Foul Ball, location: 2F
0-2: Foul Ball, location: 2F
0-2: Foul Ball, location: 2F
0-2: Ball
1-2: Ball
2-2: Ball
3-2: Foul Ball, location: 2F
3-2: Ground out 4-3 (Groundball, 4S, EV 93.1 MPH)
Bottom of the 8th over - 0 runs, 1 hit, 0 errors, 2 left on base; Thunder Bay 0 - D.C. 1
TOP OF THE 9TH
Thunder Bay Northern Lions BC batting - Pitching for D.C. Divided : LHP António Castillo
Pinch Hitting: RHB Charles Josse 0-0: Ball
1-0: Ball
2-0: Ball
3-0: Called Strike
3-1: Called Strike
3-2: Base on Balls
Batting: LHB Barry Flauker 0-0: Ball
1-0: Sac Bunt to 15S - play at first, batter OUT! 1-4
Charles Josse to second
Batting: RHB Domingo Altamiraño 0-0: Ground out 6-3 (Groundball, 6, EV 86.9 MPH)
Batting: RHB Joe Aller 0-0: Called Strike
0-1: Swinging Strike
0-2: Ball
1-2: Fly out, F8 (Flyball, 78M, EV 99.4 MPH)
Top of the 9th over - 0 runs, 0 hits, 0 errors, 1 left on base; Thunder Bay 0 - D.C. 1
Thursday, January 23rd, 2020 - OOTP Baseball 20.8 Build 74